 Dungeon Crawl Stone Soup version 0.21.1-1-g345015fe64 (webtiles) character file.

731 PikkenKukken the Cudgeler (level 7, 0/44 HPs)
             Began as a Gargoyle Fighter on June 7, 2018.
             Was an Initiate of the Shining One.
             Killed by divine providence
             ... invoked by an orc priest
              (13 damage)
             ... on level 3 of the Dungeon.
             The game lasted 00:11:05 (4436 turns).

PikkenKukken the Cudgeler (Gargoyle Fighter)        Turns: 4436, Time: 00:11:06

Health: 0/44       AC: 17    Str: 20    XL:     7   Next: 73%
Magic:  7/7        EV: 10    Int:  8    God:    the Shining One [......]
Gold:   224        SH:  0    Dex: 13    Spells: 6/6 levels left

rFire    + + .     SeeInvis .   a - +1 flail
rCold    x . .     Gourm    .   (no shield)
rNeg     + . .     Faith    .   g - +2 scale mail {rPois}
rPois    ∞         Spirit   .   (no helmet)
rElec    +         Reflect  .   j - +2 cloak
rCorr    .         Harm     +   (no gloves)
MR       +....     Rnd*Rage +   (no boots)
Stlth    ..........             l - amulet of harm
HPRegen  0.14/turn              c - ring of fire
MPRegen  0.10/turn              n - ring of protection from magic

@: glowing
A: agile 1, berserk 1, fire resistance 1, negative energy resistance 1,
electricity resistance, unbreathing, petrification resistance, rot immunity, AC
+4
a: Renounce Religion


You were on level 3 of the Dungeon.
You worshipped the Shining One.
The Shining One was noncommittal.
You were not hungry.

You visited 1 branch of the dungeon, and saw 4 of its levels.

You collected 224 gold pieces.

Inventory:

Hand Weapons
 a - a +1 flail (weapon)
Missiles
 o - 27 bolts
Armour
 b - a +0 scale mail
 g - a +2 scale mail of poison resistance (worn)
 j - a +2 cloak (worn)
Jewellery
 c - a ring of fire (left hand)
 l - an amulet of harm (around neck)
 m - a +3 ring of intelligence
 n - a ring of protection from magic (right hand)
Wands
 h - a wand of flame (18)
 p - a wand of random effects (20)
Potions
 d - 2 potions of might
 k - a potion of flight
Comestibles
 f - 7 rations


   Skills:
 + Level 4.4 Fighting
 + Level 6.0 Maces & Flails
 + Level 5.8 Armour
 + Level 2.0 Dodging
   Level 3.3 Shields


You had 6 spell levels left.
You didn't know any spells.

Dungeon Overview and Level Annotations

Branches:
Dungeon (4/15)
 Temple: D:4-7

Altars:
Nemelex Xobeh
Xom
The Shining One

Shops:
D:4 %


Innate Abilities, Weirdness & Mutations

You are resistant to torment.
Your stone body is resilient. (AC +4)
You are immune to poison.
You resist negative energy. (rN+)
You are resistant to electric shocks. (rElec)
You can survive without breathing.
You are immune to petrification.
You are immune to rotting.
You are agile. (Dex +2)
You tend to lose your temper in combat.
Your flesh is heat resistant. (rF+)


Message History

Something hits you but does no damage.
The orc priest hits you but does no damage.
Your scale mail prevents you from hitting something.
Something hits you but does no damage.
The orc priest invokes the aid of Beogh against you.
Beogh smites you!
* * * LOW HITPOINT WARNING * * *
You closely miss something. Something hits you but does no damage.
The orc priest closely misses you.
There is a stone staircase leading up here.
Something hits you but does no damage. The orc priest barely misses you.
You climb upwards.
There is a stone staircase leading down here.
You hit the orc priest but do no damage.
Something hits you but does no damage.
The orc priest hits you but does no damage.
You closely miss the orc priest. Something hits you but does no damage.
The orc priest mumbles some strange prayers to Beogh against you.
Beogh smites you!
You die...

##.######....###.###############
#.#### #....##..(.....)........
#..._#########.(###############
####.#....# #..# #............
#.#....# #).# #.#..........
#......# #..# #.#..........
####'### #..# #.#..........
#.######..###.#..........
#.......@{...............
##############.#o#.#.#..........
#.........# ##.#...#.#..........
##.######.# #........#..........
#.######.###........#..........
#......#...'........#..........
######.#####........#..........
#.# ########.#.......... #.#
#..............


You could see an orc priest.

Vanquished Creatures
  The ghost of BakaTenshi the Chopper, an amateur MiFi (D:3)
  An ogre (D:4)
  Blork the orc (D:4)
  An orc priest (D:3)
  Crazy Yiuf (D:2)
  5 orc wizards (D:4)
  A bullfrog skeleton (D:4)
  Natasha (D:2)
  A worker ant (D:4)
  3 adders
  2 worms
  A leopard gecko (D:2)
  13 orcs
  A ball python (D:3)
  3 giant cockroaches
  3 goblins
  12 hobgoblins
  7 jackals
  8 kobolds
  A quokka (D:4)
  9 bats
  3 frilled lizards
  6 rats
85 creatures vanquished.

Notes
Turn   | Place    | Note
-------+----------+-------------------------------------------
     0 | D:1      | PikkenKukken the Gargoyle Fighter began the quest for the Orb.
     0 | D:1      | Reached XP level 1. HP: 14/14 MP: 1/1
   224 | D:1      | Reached XP level 2. HP: 19/19 MP: 2/2
   774 | D:1      | You fall through a shaft!
   797 | D:2      | Reached XP level 3. HP: 13/23 MP: 3/3
   805 | D:2      | Noticed Natasha
  1001 | D:2      | Gained mutation: Your flesh is heat resistant. (rF+) [potion of mutation]
  1001 | D:2      | Gained mutation: You tend to lose your temper in combat. [potion of mutation]
  1001 | D:2      | Gained mutation: You are agile. (Dex +2) [potion of mutation]
  1204 | D:2      | Found a runed door.
  1208 | D:2      | Noticed Crazy Yiuf
  1218 | D:2      | Killed Crazy Yiuf
  1218 | D:2      | Reached skill level 3 in Maces & Flails
  1218 | D:2      | Reached XP level 4. HP: 9/29 MP: 4/4
  1770 | D:2      | Killed Natasha
  2101 | D:3      | Reached XP level 5. HP: 23/33 MP: 5/5
  2432 | D:3      | Noticed BakaTenshi's ghost (amateur MiFi)
  2683 | D:3      | Reached skill level 1 in Dodging
  2794 | D:3      | Killed BakaTenshi's ghost
  2794 | D:3      | Reached skill level 4 in Maces & Flails
  2794 | D:3      | Reached skill level 5 in Armour
  2794 | D:3      | Reached XP level 6. HP: 10/38 MP: 6/6
  3342 | D:3      | Found a sparkling altar of Nemelex Xobeh.
  3531 | D:4      | Reached skill level 5 in Maces & Flails
  3581 | D:4      | Reached XP level 7. HP: 43/43 MP: 7/7
  4001 | D:4      | Found Meegaiveyll's Food Shop.
  4039 | D:4      | Found a shimmering altar of Xom.
  4084 | D:4      | Noticed Blork the orc
  4106 | D:4      | Killed Blork the orc
  4119 | D:4      | Reached skill level 6 in Maces & Flails
  4136 | D:4      | Found a glowing golden altar of the Shining One.
  4145 | D:4      | Became a worshipper of the Shining One
  4436 | D:3      | Killed from afar by an orc priest

Skill      XL: |  1  2  3  4  5  6  7 |
---------------+----------------------+-----
Maces & Flails | 3 4 5 6 |  6.0
Armour         | 4 5 |  5.8
Dodging        | 1 2 |  2.0
Fighting       | 4 |  4.4
Shields        | |  3.3

Action                   |  1- 3 |  4- 6 |  7- 9 || total
-------------------------+-------+-------+-------++-------
Melee: Flail             |    84 |   188 |   119 ||   391
  Use: Potion            |     6 |     1 |       ||     7
       Scroll            |     5 |     2 |     2 ||     9
  Eat: Chunk             |     1 |     7 |       ||     8
       Ration            |       |       |     1 ||     1
Armor: Scale mail        |    57 |   128 |    69 ||   254
Dodge: Dodged            |    40 |   136 |    43 ||   219
Block: Shield            |     1 |       |       ||     1
